 Dungeon Crawl Stone Soup version 0.26.0-10-g1f06aea511 (webtiles) character file.

Game seed: 2004855348600864786

318 Dracia the Poker (level 6, 0/49 HPs)
             Began as a Demonspawn Monk on Jan 16, 2021.
             Succumbed to Edmund's poison
             ... on level 4 of the Dungeon.
             The game lasted 00:06:48 (3494 turns).

Dracia the Poker (Demonspawn Monk)                  Turns: 3494, Time: 00:06:49

Health: 0/49       AC:  8    Str: 13    XL:     6   Next: 21%
Magic:  6/6        EV: 11    Int: 11    God:
Gold:   115        SH:  0    Dex: 16    Spells: 5/5 levels left

rFire    . . .     SeeInvis .   a - +0 spear
rCold    . . .     Faith    .   (no shield)
rNeg     . . .     Spirit   .   p - +0 ring mail
rPois    .         Reflect  .   l - +0 helmet
rElec    .         Harm     .   (no cloak)
rCorr    .         Rampage  .   (no gloves)
Will     .....                  (no boots)
Stlth    +.........             (no amulet)
HPRegen  0.16/turn              (no ring)
MPRegen  0.10/turn              (no ring)

@: lethally poisoned (0 -> -6)
A: iridescent scales 1, demonic guardian 1, powered by pain 1
a: no special abilities


You were on level 4 of the Dungeon.
You visited 1 branch of the dungeon, and saw 4 of its levels.

You collected 115 gold pieces.


Innate Abilities, Weirdness & Mutations

You are partially covered in iridescent scales. (AC +2)
A weak demonic guardian rushes to your aid.
You sometimes gain a little power by taking damage.


   Skills:
 + Level 4.6 Fighting
 * Level 5.5 Polearms
 - Level 2.6 Dodging
 - Level 1.7 Stealth


You had 5 spell levels left.
You didn't know any spells.
Your spell library was empty.

Inventory:

Hand Weapons
 a - a +0 spear (weapon)
Missiles
 g - 124 stones (quivered)
Armour
 b - a +0 robe
 k - a +0 plate armour
 l - a +0 helmet (worn)
 p - a +0 ring mail (worn)
Jewellery
 c - an uncursed amulet of the acrobat {unknown}
 h - a cursed ring of attention {unknown}
 i - an uncursed amulet of the acrobat {unknown}
 j - a +6 ring of strength {unknown}
Scrolls
 d - 5 scrolls of identify {@r1@r1}
 n - 3 scrolls of teleportation {@r4@r4}
 o - a scroll of amnesia {unknown}
 q - a scroll of remove curse {unknown}
Potions
 f - a potion of degeneration

Dungeon Overview and Level Annotations

Branches:
Dungeon (4/15)
 Temple: D:4-7

Altars:
Dithmenos

Portals:
Sewer: D:4

###### ####### #....#
#####.....### #....#
#...#.....'.. ###### #...)#
#...#.....#.. #....####....#
#...#.....#.. #####(..(†(..)...#
#...#.....#..
......†#######...#####..#.....#..
.......#≈≈≈≈≈#..@....#..#.....#'#
.......'≈≈∩≈≈#.......'..'.....#..
.......#≈≈≈≈≈#..5....#..#.....#..
.......#######.......#..#.....#..
.....................####.....###
.....######..##+##..............#
###+#*,,,#....,,,#..............#
*,,,,,,,#....,,,+..............#
*,,,,,,,#.,,,,,,#..............#


You could see a friendly quasit (summoned, poisoned).


Message History

Your quasit claws Edmund but does no damage.
* * * LOW HITPOINT WARNING * * *
You feel sick.
Your quasit bites Edmund but does no damage.
Your quasit barely misses Edmund.
Your quasit claws Edmund.
Edmund misses your quasit.
* * * LOW HITPOINT WARNING * * *
You feel sick.
Your quasit bites Edmund.
Your quasit claws Edmund.
Your quasit barely misses Edmund.
* * * LOW HITPOINT WARNING * * *
You feel sick.
Edmund says to your quasit, "I might not be good at magic, but I can still kill you!"
* * * LOW HITPOINT WARNING * * *
You feel sick.
Your quasit bites Edmund.
Edmund dies!
You have reached level 6!
Your experience leads to an increase in your attributes!
Increase (S)trength, (I)ntelligence, or (D)exterity?
You feel stronger.
Unknown command.
There is a lethal amount of poison in your body!
Unknown command.
There is a lethal amount of poison in your body!
Unknown command.
There is a lethal amount of poison in your body!
* * * LOW HITPOINT WARNING * * *
You feel sick.
* * * LOW HITPOINT WARNING * * *
You feel sick.
You die...

Skill      XL: |  1  2  3  4  5 |
---------------+----------------+-----
Polearms       | 3 4 5 |  5.5
Fighting       | 4 |  4.6
Dodging        | |  2.6
Stealth        | |  1.7

Action                   |  1- 3 |  4- 6 || total
-------------------------+-------+-------++-------
Melee: Spear             |   160 |   286 ||   446
Throw: Stone             |       |     3 ||     3
  Use: Scroll            |     3 |     1 ||     4
       Potion            |       |     1 ||     1
 Stab: Sleeping          |     4 |       ||     4
Armor: Robe              |     5 |       ||     5
       Plate armour      |    49 |   134 ||   183
       Ring mail         |       |    34 ||    34
Dodge: Dodged            |    52 |    85 ||   137

Levels and vault maps discovered:
D:1:      dpeg_arrival_tiny_a, layout_basic, interstate_on_off
D:2:      layout_basic, chequers_serial_rivers_large_a
D:3:      layout_loops_ring, lemuel_doored_altar
D:4:      layout_gridville, lemuel_round_altar, enter_ossuary_1,
          gup_sewer_entry_glass, uniq_natasha, uniq_edmund

Notes
Turn   | Place    | Note
-------+----------+-------------------------------------------
     0 | D:1      | Dracia the Demonspawn Monk began the quest for the Orb.
     0 | D:1      | Reached XP level 1. HP: 18/18 MP: 1/1
    83 | D:1      | Reached skill level 3 in Polearms
    87 | D:1      | Gained mutation: You sometimes gain a little power by
                  | taking damage. [demonic ancestry]
    87 | D:1      | Reached XP level 2. HP: 24/24 MP: 2/2
   841 | D:2      | Gained mutation: You are partially covered in iridescent
                  | scales. (AC +2) [demonic ancestry]
   841 | D:2      | Reached XP level 3. HP: 21/29 MP: 3/3
  1659 | D:2      | Reached skill level 4 in Polearms
  1705 | D:2      | Gained mutation: A weak demonic guardian rushes to your
                  | aid. [demonic ancestry]
  1705 | D:2      | Reached XP level 4. HP: 37/37 MP: 4/4
  2408 | D:3      | Reached skill level 4 in Fighting
  2585 | D:3      | Reached XP level 5. HP: 27/42 MP: 5/5
  3075 | D:3      | Found a shadowy altar of Dithmenos.
  3246 | D:3      | Reached skill level 5 in Polearms
  3399 | D:4      | Noticed Edmund
  3407 | D:4      | Found a glowing drain.
  3489 | D:4      | HP: 4/43 [poisoned by Edmund]
  3491 | D:4      | Killed Edmund
  3492 | D:4      | Reached XP level 6. HP: 3/49 MP: 6/6
  3493 | D:4      | HP: 1/49 [poisoned by Edmund]
  3494 | D:4      | Succumbed to Edmund's poison

Vanquished Creatures
  A worker ant (D:4)
  7 adders
  An ooze (D:3)
  2 worms
  3 dart slugs
  7 leopard geckos
  2 orcs (D:3)
  7 bats (D:3)
  3 giant cockroaches
  9 hobgoblins
  7 quokkas
  4 ball pythons
  3 frilled lizards
  12 goblins
  4 kobolds
  13 rats
85 creatures vanquished.

Vanquished Creatures (collateral kills)
  Edmund (D:4)
  A howler monkey (D:3)
  An orc wizard (D:3)
  2 adders (D:4)
  2 orcs (D:3)
  2 giant cockroaches (D:4)
9 creatures vanquished.

Grand Total: 94 creatures vanquished

Table legend: (Time is in decaauts)
 A = Elapsed time spent in this place.
 B = Non-inter-level travel time spent in this place.
 C = Inter-level travel time spent in this place.
 D = Time resting spent in this place.
 E = Time spent auto-exploring this place.
 F = Levels seen in this place.
 G = Mean time per level.
                   A        B        C        D        E       F      G
               +--------+--------+--------+--------+--------+-----+--------+
         Total |   3458 |   3382 |     76 |    230 |   2413 |   4 |  864.5 |
       Dungeon |   3458 |   3382 |     76 |    230 |   2413 |   4 |  864.5 |
               +--------+--------+--------+--------+--------+-----+--------+

Top non-repeatable levels by time:
     D:2: 1528 daAuts
     D:3: 990 daAuts
     D:1: 818 daAuts
     D:4: 121 daAuts

Table legend:
 A = Non-vault XP
 B = Vault XP
 C = Vault XP percentage of total XP
 D = Non-vault monster count
 E = Vault monster count
 F = Vault count percentage of total count
                 A         B        C        D         E       F
            +---------+---------+-------+---------+---------+-------
      Total |     333 |     122 |  26.8 |      88 |       6 |   6.4
            +---------+---------+-------+---------+---------+-------
        D:1 |      38 |       0 |   0.0 |      21 |       0 |   0.0
        D:2 |      77 |       0 |   0.0 |      29 |       0 |   0.0
        D:3 |     188 |       0 |   0.0 |      37 |       0 |   0.0
        D:4 |      30 |     122 |  80.3 |       1 |       6 |  85.7
            +---------+---------+-------+---------+---------+-------
